 Dungeon Crawl Stone Soup version 0.19.1 (webtiles) character file.

89 Dfrag the Conjurer (level 4, -10/36 HPs)
             Began as a Naga Conjurer on Nov 30, 2016.
             Mangled by f0rbidden's ghost (17 damage)
             ... on level 3 of the Dungeon.
             The game lasted 00:02:44 (1096 turns).

Dfrag the Conjurer (Naga Conjurer)                  Turns: 1096, Time: 00:02:45

Health: -10/36     AC:  6    Str: 10    XL:     4   Next: 55%
Magic:  2/9        EV:  8    Int: 17    God:
Gold:   114        SH:  0    Dex: 11    Spells: 2 memorised, 7 levels left

rFire  . . .     SeeInvis +     (no weapon)
rCold  . . .     Gourm    .     a - +0 robe
rNeg   . . .     Faith    .     (no shield)
rPois  +         Spirit   .     (helmet restricted)
rElec  .         Reflect  .     (no cloak)
rCorr  .         Harm     .     (no gloves)
MR     .....                    h - +0 naga barding (curse)
Stlth  ++........               (no amulet)
                                (no ring)
                                (no ring)

@: very slow
A: antennae 1, see invisible, deformed body, poison resistance, slowness 2, slow
metabolism 1, spit poison 1, AC +1
a: Spit Poison


You were on level 3 of the Dungeon.
You were not hungry.

You visited 1 branch of the dungeon, and saw 3 of its levels.

You collected 114 gold pieces.

Inventory:

Armour
 a - a +0 robe (worn)
 h - a cursed +0 naga barding (worn)
Wands
 m - a wand of iceblast (6/15)
Scrolls
 i - a scroll of fear
 k - a scroll of magic mapping
Potions
 d - a potion of degeneration {unknown}
 e - a potion of lignification {unknown}
 j - a potion of heal wounds {unknown}
 o - a potion of curing {unknown}
 p - a potion of flight {unknown}
Books
 b - a book of Conjurations

   Spells                             Type                      Level
   a - Magic Dart                     Conjuration                  1
   b - Searing Ray                    Conjuration                  2
   c - Dazzling Spray                 Conjuration/Hexes            3
   d - Fulminant Prism                Conjuration/Hexes            4
   e - Iskenderun's Mystic Blast      Conjuration                  4
   f - Iskenderun's Battlesphere      Conjuration/Charms           5
Comestibles
 c - 2 bread rations
 l - a chunk of flesh
 n - 2 meat rations


   Skills:
 - Level 1.5 Dodging
 - Level 3.0 Stealth
 * Level 3.9 Spellcasting
 + Level 4.4 Conjurations


You had 7 spell levels left.
You knew the following spells:

 Your Spells              Type           Power        Failure   Level  Hunger
a - Magic Dart            Conj           ###.         2%          1    None
b - Searing Ray           Conj           ###...       4%          2    ##.....


Dungeon Overview and Level Annotations

Branches:
Dungeon (3/15)

Altars:
Okawaru

Annotations:
D:3 f0rbidden's ghost, amateur MiWn


Innate Abilities, Weirdness & Mutations

You cannot wear boots.
Your serpentine skin is tough. (AC +1)
You have supernaturally acute eyesight. (SInv)
Armour fits poorly on your strangely shaped body.
Your system is resistant to poisons. (rPois)
You cover ground very slowly.
You have a slow metabolism.
You can spit poison.
You have a pair of small antennae on your head.


Message History

Evoking this partially-identified wand wasted a few charges.
You hear a shout! x3
Unknown command.
Unknown command.
Evoke which item? (* to show all) (? for menu, Esc to quit)
That item cannot be evoked!
F0rbidden's ghost wails.
F0rbidden's ghost hits you!
F0rbidden's ghost hits you but does no damage.
F0rbidden's ghost hits you!
* * * LOW HITPOINT WARNING * * *
There's nothing to close nearby.
Unknown command.
Unknown command.
It was a potion of beneficial mutation.
A pair of antennae grows on your head!
You feel fantastic!
F0rbidden's ghost whispers, "There is no future for you."
F0rbidden's ghost hits you!
You die...

#.... #.... ######
...... ###
#################
..#
######............#
# #####.#
#......##########.#
# ...#.# #......#
#.# #
.#####.#.###....@.#
######.####
..........)'...W..+
...........'
.#####)#.###......#
........#### #)#(#
#......#
..########## o.#.#
#......# #........'
o..#.# #......#
.#......### ....#.#
#......#
........'..
.......# #......#
.#......##.
......... .........
.#......##.


You could see f0rbidden's ghost.

Vanquished Creatures
  3 adders (D:2)
  A worm (D:2)
  2 dart slugs
  2 leopard geckos
  3 orcs (D:3)
  11 bats
  3 giant cockroaches
  3 goblins
  6 hobgoblins
  A jackal (D:2)
  2 quokkas (D:2)
  A ball python (D:1)
  4 frilled lizards
  4 kobolds
  5 rats
51 creatures vanquished.

Notes
Turn   | Place    | Note
-------+----------+-------------------------------------------
     0 | D:1      | Dfrag the Naga Conjurer began the quest for the Orb.
     0 | D:1      | Reached XP level 1. HP: 15/15 MP: 3/3
    61 | D:1      | Reached XP level 2. HP: 22/22 MP: 2/5
    68 | D:1      | Learned a level 2 spell: Searing Ray
   433 | D:2      | Reached XP level 3. HP: 28/28 MP: 1/7
   495 | D:2      | Found an iron altar of Okawaru.
   549 | D:2      | Reached XP level 4. HP: 32/36 MP: 1/9
  1088 | D:3      | Noticed f0rbidden's ghost (amateur MiWn)
  1096 | D:3      | Gained mutation: You have a pair of small antennae on your head. [potion of beneficial mutation]
  1096 | D:3      | Mangled by f0rbidden's ghost

Skill      XL: |  1  2 |
---------------+-------+-----
Spellcasting   | 3 |  3.9
Dodging        | |  1.5
Stealth        | |  3.0
Conjurations   | |  4.4

Action                   |  1- 3 |  4- 6 || total
-------------------------+-------+-------++-------
Melee: Unarmed           |     6 |     6 ||    12
 Cast: Magic Dart        |    40 |    23 ||    63
       Searing Ray       |       |     4 ||     4
 Abil: Spit Poison       |    18 |    14 ||    32
Evoke: Wand              |       |     1 ||     1
  Use: Scroll            |       |     2 ||     2
       Potion            |       |     1 ||     1
  Eat: Chunk             |       |     2 ||     2
Armor: Robe              |     9 |     7 ||    16
Dodge: Dodged            |    12 |    11 ||    23
